 Dungeon Crawl Stone Soup version 0.30-a0-1016-gfb0d676c02 (webtiles) character file.

Game seed: 11300588827783987551

95434 EonDragon20 the Black Belt (level 16, -1/150 HPs)
             Began as a Merfolk Transmuter on Apr 7, 2023.
             Was a High Priest of Fedhas.
             Slain by a redback (10 damage)
             ... on level 1 of the Spider Nest.
             The game lasted 02:45:56 (23287 turns).

EonDragon20 the Black Belt (Merfolk Transmuter)    Turns: 23287, Time: 02:45:56

Health: -1/150     AC: 14    Str: 16 (19) XL:     16   Next: 14%
Magic:  1/29       EV: 15    Int: 20 (21) God:    Fedhas [*****.]
Gold:   1151       SH:  0    Dex: 13 (15) Spells: 24/34 levels left

rFire   x . .      SeeInvis .      - Unarmed
rCold   + + +      Faith    .    (shield currently unavailable)
rNeg    . . .      Spirit   .    w - melded +0 acid dragon scales
rPois   +          Reflect  .    (helmet currently unavailable)
rElec   .          Rampage  .    j - melded +3 cloak "Edeino Tergho" {rCorr Int+3 Stlth+}
rCorr   +                        v - melded +2 pair of gloves
Will    ++...                    C - melded +0 pair of boots
Stlth   +                        I - amulet "Coanlew" {rPois Regen+ rCorr Int+5}
HPRegen 1.25/turn                c - +4 ring of protection
MPRegen 0.21/turn                J - ring of Xom's Amusement {Fly Will+ Int+3 Slay+2}

@: lethally poisoned (-1 -> -21), ice-form, flying
A: freezing attack, boosted hp, large, (nimble swimmer 2), (mertail), strong 1
a: End Transformation, Renounce Religion, Wall of Briars, Grow Ballistomycete,
Overgrow, Grow Oklob


You were on level 1 of the Spider Nest.
You worshipped Fedhas.
Fedhas was extremely pleased with you.
You were a creature of crystalline ice.
You visited 6 branches of the dungeon, and saw 26 of its levels.
You also visited: Gauntlet and Ice Cave.

You collected 2367 gold pieces.
You spent 1216 gold pieces at shops.

Inventory:

Missiles
 m - 2 throwing nets
Armour
 j - the +3 cloak "Edeino Tergho" (melded) {rCorr Int+3 Stlth+}
   (You found it on level 6 of the Dungeon)

   Int:       It affects your intelligence (+3).
   rCorr:     It protects you from acid and corrosion.
   Stlth:     It makes you more stealthy.
 o - a scarf of resistance
 v - a +2 pair of gloves (melded)
 w - +0 acid dragon scales (melded)
 C - a +0 pair of boots (melded)
Jewellery
 c - a +4 ring of protection (left front paw)
 f - an amulet of regeneration
 B - a +4 ring of protection
 E - a ring of protection from cold
 F - a ring of fire
 H - a ring of magical power
 I - the amulet "Coanlew" (around neck) {rPois Regen+ rCorr Int+5}
   (You bought it in a shop on level 3 of the Dungeon)

   [amulet of regeneration]

   Int:       It affects your intelligence (+5).
   rPois:     It protects you from poison.
   Regen:     It increases your rate of health regeneration.
   rCorr:     It protects you from acid and corrosion.
 J - the ring of Xom's Amusement (right front paw) {Fly Will+ Int+3 Slay+2}
   (You bought it in a shop on level 3 of the Dungeon)

   [ring of flight]

   Int:       It affects your intelligence (+3).
   Slay:      It affects your accuracy & damage with ranged weapons and melee
   (+2).
   Fly:       It grants you flight.
   Will:      It increases your willpower.
 K - a ring of protection from cold
 O - a ring of willpower
Wands
 s - a wand of flame (50)
 x - a wand of paralysis (9)
 y - a wand of polymorph (23)
 D - a wand of light (4)
Scrolls
 a - 10 scrolls of identify
 d - 9 scrolls of amnesia
 g - a scroll of brand weapon
 k - 11 scrolls of teleportation
 p - 5 scrolls of fog
 r - 2 scrolls of enchant weapon
 G - 2 scrolls of butterflies
 L - a scroll of poison
 N - a scroll of silence
Potions
 b - 7 potions of lignification
 e - 9 potions of flight
 h - 12 potions of curing
 i - 3 potions of berserk rage
 l - 2 potions of ambrosia
 n - 3 potions of attraction
 q - 2 potions of invisibility
 t - a potion of magic
 u - 2 potions of haste
 z - a potion of brilliance
 A - 6 potions of mutation
 P - 2 potions of cancellation {unknown}


   Skills:
 + Level 11.2 Fighting
 * Level 8.6 Armour
 + Level 12.1 Dodging
 * Level 15.9 Unarmed Combat
 + Level 9.7 Spellcasting
 - Level 9.1 Transmutations
 - Level 5.4 Ice Magic
 - Level 1.3 Poison Magic
 + Level 13.2 Invocations


You had 24 spell levels left.
You knew the following spells:

 Your Spells              Type           Power      Damage    Failure   Level
a - Beastly Appendage     Tmut           92%        N/A       1%          1
b - Wereblood             Tmut           46%        N/A       1%          2
c - Spider Form           Tmut/Pois      30%        N/A       2%          3
d - Ice Form              Ice/Tmut       38%        N/A       3%          4

Your spell library contained the following spells:

 Spells                   Type           Power      Damage    Failure   Level
 Ensorcelled Hibernation  Hex/Ice        40%        N/A       3%          2
 Apportation              Tloc           18%        N/A       7%          1
 Necrotise                Necr           36%        1d5       7%          1
 Summon Small Mammal      Summ           36%        N/A       7%          1
 Poisonous Vapours        Pois/Air       24%        N/A       9%          2
 Static Discharge         Conj/Air       18%        2-3/arc   11%         2
 Mephitic Cloud           Conj/Pois/Air  11%        N/A       19%         3
 Call Canine Familiar     Summ           9%         N/A       22%         3
 Gell's Gravitas          Tloc           9%         N/A       22%         3
 Summon Guardian Golem    Hex/Summ       9%         N/A       22%         3
 Summon Ice Beast         Ice/Summ       20%        N/A       24%         4
 Anguish                  Hex/Necr       4%         N/A       56%         4
 Passage of Golubria      Tloc           9%         N/A       56%         4
 Freezing Cloud           Conj/Ice/Air   8%         6-21      67%         5
 Eringya's Noxious Bog    Tmut/Pois      15%        N/A       77%         6
 Summon Forest            Summ/Tloc      4%         N/A       89%         5
 Summon Mana Viper        Hex/Summ       9%         N/A       89%         5
 Dispersal                Tloc           4%         N/A       100%        6
 Monstrous Menagerie      Summ           4%         N/A       100%        7
 Orb of Destruction       Conj           4%         9d5       100%        7
 Spellforged Servitor     Conj/Summ      4%         N/A       100%        7
 Summon Hydra             Summ           4%         N/A       100%        7


Dungeon Overview and Level Annotations

Branches:
Dungeon (15/15)            Temple (1/1) D:7            Lair (5/5) D:11
  Swamp (1/4) Lair:2       Spider (2/4) Lair:2        Slime (0/5) Lair:4
    Orc (2/2) D:10            Elf (0/3) Orc:2        Vaults (0/5) D:14
  IceCv (visited)         Gauntlet (visited)
 Depths: D:15

Altars:
Ashenzari
Cheibriados
Dithmenos
Elyvilon
Fedhas
Gozag
Hepliaklqana
Kikubaaqudgha
Makhleb
Nemelex Xobeh
Okawaru
Qazlal
Ru
Sif Muna
Trog
Uskayaw
Vehumet
Wu Jian
Yredelemnul
Zin
The Shining One
Jiyva

Shops:
D:3 =   D:8 (*!*   D:10 (   Orc:1 :[   Orc:2 =*=(

Annotations:
D:4 2 runed translucent doors, 2 transporters, GigaChad's ghost, novice FoFi
D:8 Erica
D:13 Azrael
Lair:5 1 runed translucent door


Innate Abilities, Weirdness & Mutations

You are a creature of crystalline ice.
You have a powerful freezing melee attack.
Your maximum health is increased.
Your armour is entirely melded.
You are incapable of wielding weapons or throwing items.
((You are very nimble when in or above water. (Stealth+, EV+, Speed+++)))
((Your lower body shifts to a powerful aquatic tail in water.))
Your muscles are strong. (Str +4, Int/Dex -1)


Message History

The culicivora bites you!!
The culicivora draws strength from your injuries!
You fly upwards.
Reactivating autopickup.
Your briar patch disappears in a puff of smoke! x2
Your oklob plant disappears in a puff of smoke!
There is a stone staircase leading down here.
Deactivating autopickup; reactivate with Ctrl-A.
You pummel something!! You freeze something. The redback barely misses you. x2
Something barely misses you. Something hits you but does no damage.
Something stings you.
You feel weakened.
You punch something! You freeze something. The redback bites you. x2
You feel you are being watched by something.
You feel your power leaking away. Something hits you but does no damage.
Something barely misses you. Something stings you.
You feel clumsy.
You completely miss something. The redback bites you.
The redback barely misses you. Something hits you! Something barely misses you.
Something stings you.
Okay, then.
A briar patch grows up from the ground. x4; The redback completely misses you.
The redback bites you! x2
* * * LOW HITPOINT WARNING * * *
Something hits you!
* * * LOW HITPOINT WARNING * * *
You feel weakened. Something closely misses you. Something stings you.
* * * LOW HITPOINT WARNING * * *
The redback bites you.
* * * LOW HITPOINT WARNING * * *
You are lethally poisoned!
The redback poisons you!
You fly carefully through the plants.
* * * LOW HITPOINT WARNING * * *
You feel extremely sick. The redback bites you!
You die...
Fedhas appreciates your contribution to the ecosystem.

#.###..##..#####
##...##....##.#^##
####....####....##..##
##..#......#.....##...#
###..##...........#.....#
####.....##....#.....#...#.##
#..#.###..##.......#..#..###.
##...#....^#P{P#...#..####..#
###...#..#...YsP#...#....#...#
#.##.###...###s|#...#.^.......
#....^.....#.^.####...........
##........^##....##...........
##.........#.....#...........
#######....#..#.#..#.......! #
##### #...##.....#....#...##...
###.#.# #...##.#..##..........#.^
......###......##..#...........#.


You could see 2 redbacks.

Vanquished Creatures
  A broodmother (Spider:1)
  An eleionoma (Lair:2)
  2 spark wasps (Spider:1)
  A jorogumo (Lair:2)
  5 hydras
  4 vault guards (D:14)
  5 centaur warriors
  A catoblepas (Gauntlet)
  5 boulder beetles
  3 tengu warriors
  A two-headed ogre (D:12)
  2 skysharks (Lair:4)
  2 sun moths (Spider:1)
  3 skeletal warriors
  3 pharaoh ants
  3 bog bodies
  An orc knight (D:12)
  2 orb spiders (Spider:1)
  A steelbarb worm (Spider:1)
  4 deep elf zephyrmancers
  8 wolf spiders
  9 orc sorcerers
  6 deep elf pyromancers
  A moth of wrath (Spider:1)
  6 cyclopes
  3 manticores
  An ice statue (IceCv)
  2 black mambas (Lair:5)
  5 elephants (Lair:3)
  8 torpor snails
  5 demonic crawlers
  10 cane toads
  8 gargoyles
  A minotaur zombie (Gauntlet)
  Maggie (D:10)
  5 kobold demonologists
  2 unseen horrors
  3 yaktaurs
  An anaconda simulacrum (IceCv)
  3 rime drakes
  6 komodo dragons
  4 ice devils
  A komodo dragon (shapeshifter) (D:15)
  A freezing wraith (D:14)
  8 hornets
  5 trolls
  3 polar bears
  8 tarantellas
  3 tyrant leeches (Lair:5)
  11 dream sheep
  7 slime creatures
  7 jumping spiders (Spider:1)
  A vampire (D:9)
  8 culicivoras (Spider:1)
  A wraith (D:14)
  2 fire elementals
  2 basilisks
  8 wyverns
  10 vampire mosquitoes
  24 yaks
  3 death yak simulacra (IceCv)
  9 redbacks
  8 wargs
  4 acid dragons
  A hell hound (D:13)
  11 water moccasins
  3 sky beasts
  2 hydra simulacra (IceCv)
  2 ice beasts
  16 orc warriors
  5 ogres
  16 wolves
  7 centaurs
  A phantom (D:7)
  A kobold brigand (D:10)
  8 bullfrogs
  A gnoll sergeant (Orc:1)
  2 scorpions
  3 two-headed ogre simulacra (IceCv)
  3 cane toad simulacra (IceCv)
  11 wights
  3 killer bees (D:7)
  An elephant simulacrum (IceCv)
  7 howler monkeys
  7 hounds
  7 orc priests
  A gnoll bouda (D:10)
  2 jellies (Lair:4)
  A sleepcap (D:6)
  Terence (D:1)
  9 iguanas
  38 orc wizards
  3 troll simulacra (IceCv)
  6 spriggan simulacra (IceCv)
  2 wolf simulacra (IceCv)
  9 gnolls
  4 adders
  4 naga simulacra (IceCv)
  A shadow imp (D:7)
  9 white imps
  7 ufetubi (IceCv)
  2 worms (D:3)
  A dart slug (D:1)
  64 orcs
  5 bats
  12 endoplasms
  5 giant cockroaches
  9 goblins
  14 hobgoblins
  6 jackals
  5 quokkas
  7 ball pythons
  6 frilled lizards
  18 kobolds
  8 rats
659 creatures vanquished.

Vanquished Creatures (collateral kills)
  Louise (D:14)
  A spark wasp (Spider:1)
  A minotaur (Gauntlet)
  A steelbarb worm (Spider:1)
  A lindwurm (Lair:5)
  An orc knight (D:10)
  An orc sorcerer (D:10)
  A hornet (Lair:5)
  A tyrant leech (Lair:5)
  A jumping spider (Spider:1)
  2 orc warriors
  5 orcs
17 creatures vanquished.

Vanquished Creatures (others)
  2 orc wizards
  3 orcs (Orc:2)
  21 fungi
  37 plants
63 creatures vanquished.

Grand Total: 739 creatures vanquished

Notes
Turn   | Place    | Note
-------+----------+-------------------------------------------
     0 | D:1      | EonDragon20 the Merfolk Transmuter began the quest for the
                  | Orb.
     0 | D:1      | Reached XP level 1. HP: 15/15 MP: 3/3
   125 | D:1      | Reached XP level 2. HP: 18/21 MP: 3/5
   158 | D:1      | Learned a level 2 spell: Wereblood
   367 | D:1      | Reached XP level 3. HP: 22/26 MP: 4/6
   397 | D:1      | Learned a level 3 spell: Spider Form
   879 | D:2      | Noticed Terence
   929 | D:1      | Killed Terence
   930 | D:1      | Reached skill level 4 in Unarmed Combat
   930 | D:1      | Reached XP level 4. HP: 6/33 MP: 0/7
  1367 | D:2      | Found a bloodstained altar of Trog.
  2174 | D:3      | Reached XP level 5. HP: 38/38 MP: 1/8
  3079 | D:3      | Found Fantillucemp's Jewellery Shop.
  3407 | D:4      | Found an ancient bone altar of Kikubaaqudgha.
  3533 | D:4      | Found a broken altar of Ashenzari.
  3560 | D:4      | Reached skill level 5 in Unarmed Combat
  3560 | D:4      | Reached skill level 5 in Transmutations
  3560 | D:4      | Reached XP level 6. HP: 42/46 MP: 10/10
  3573 | D:4      | Learned a level 4 spell: Ice Form
  3618 | D:4      | Found a large runed translucent door.
  3655 | D:4      | Noticed GigaChad's ghost (novice FoFi)
  3698 | D:4      | Got the Omnibus of Kismet
  3814 | D:4      | Found a transporter.
  3831 | D:4      | Found a transporter.
  4042 | D:4      | Found a large runed translucent door.
  4096 | D:5      | Entered Level 5 of the Dungeon
  4206 | D:5      | Reached XP level 7. HP: 52/52 MP: 9/11
  4643 | D:6      | Reached skill level 6 in Unarmed Combat
  4763 | D:6      | Identified the +3 cloak "Edeino Tergho" {rCorr Int+3
                  | Stlth+}
  4839 | D:6      | Reached skill level 1 in Ice Magic
  4839 | D:6      | Reached skill level 1 in Poison Magic
  5024 | D:6      | Found an iron altar of Okawaru.
  5426 | D:7      | Reached XP level 8. HP: 60/60 MP: 9/13
  5494 | D:7      | Identified the +1 robe of the Quahog {Stlth+}
  6126 | D:7      | Found a staircase to the Ecumenical Temple.
  6156 | Temple   | Entered the Ecumenical Temple
  6238 | Temple   | Became a worshipper of Fedhas Madash
  6463 | D:7      | Reached skill level 7 in Unarmed Combat
  6632 | D:8      | Noticed Erica
  6698 | D:8      | Reached XP level 9. HP: 66/66 MP: 13/15
  6936 | D:8      | Found a shadowy altar of Dithmenos.
  6977 | D:8      | Found Noteutupp's Assorted Antiques.
  6977 | D:8      | Found Plog's Weapon Shop.
  6977 | D:8      | Found Fomallist's Assorted Antiques.
  6977 | D:8      | Noticed a hornet
  6983 | D:8      | Killed a hornet
  7028 | D:8      | Reached skill level 5 in Ice Magic
  7034 | D:8      | Reached skill level 5 in Fighting
  7034 | D:8      | Reached skill level 8 in Unarmed Combat
  7260 | D:8      | Found Zif Omom's Distillery.
  7267 | D:8      | Reached skill level 1 in Invocations
  7269 | D:8      | Bought a potion of haste for 150 gold pieces
  7269 | D:8      | Bought a potion of curing for 45 gold pieces
  7407 | D:9      | Killed an unseen horror
  7408 | D:9      | Reached skill level 5 in Spellcasting
  7484 | D:9      | Reached * piety under Fedhas
  7485 | D:9      | Reached XP level 10. HP: 74/74 MP: 14/17
  7668 | D:9      | Reached skill level 9 in Unarmed Combat
  8063 | D:9      | Reached ** piety under Fedhas
  8209 | D:10     | Entered Level 10 of the Dungeon
  8209 | D:10     | Noticed a cyclops
  8221 | D:10     | Found a basalt altar of Yredelemnul.
  8329 | D:10     | Noticed Maggie
  8357 | D:10     | Reached skill level 5 in Dodging
  8363 | D:10     | Killed a cyclops
  8364 | D:10     | Reached skill level 5 in Invocations
  8384 | D:10     | Killed Maggie
  8577 | D:10     | Found a hide-covered altar of Uskayaw.
  8595 | D:10     | Reached skill level 10 in Unarmed Combat
  8602 | D:10     | Reached XP level 11. HP: 83/83 MP: 16/19
  8810 | D:10     | Found Lafic's Weapon Shop.
  8812 | D:10     | Found a staircase to the Orcish Mines.
  8961 | D:10     | Found an ornate altar of the Wu Jian Council.
  9093 | D:10     | Noticed a cyclops
  9108 | D:10     | Killed a cyclops
  9132 | D:10     | Reached *** piety under Fedhas
  9479 | D:11     | Noticed a cyclops
  9492 | D:11     | Killed a cyclops
  9556 | D:11     | Identified the +0 falchion of Blind Justice {drain, rN+
                  | Will+++ Str+4 Dex-5}
  9570 | D:11     | Found a staircase to the Lair.
  9745 | D:11     | Found a broken altar of Ashenzari.
 10202 | D:12     | Noticed a two-headed ogre
 10202 | D:12     | Noticed a boulder beetle
 10224 | D:12     | Noticed an orc knight
 10313 | D:12     | Reached skill level 11 in Unarmed Combat
 10635 | D:12     | Reached skill level 1 in Armour
 10728 | D:12     | Killed a two-headed ogre
 11139 | D:12     | Killed an orc knight
 11140 | D:12     | Reached XP level 12. HP: 78/92 MP: 22/22
 11306 | D:12     | Killed a boulder beetle
 11423 | Lair:1   | Entered Level 1 of the Lair of Beasts
 11596 | Lair:1   | Reached **** piety under Fedhas
 11962 | Lair:1   | Reached skill level 12 in Unarmed Combat
 12302 | Lair:2   | Found a staircase to the Swamp.
 12335 | Lair:2   | Found a hole to the Spider Nest.
 12381 | Lair:2   | Identified the +9 flail of the Lost Wishes {freeze, rC+
                  | Will+}
 12567 | Lair:2   | Found a frozen archway.
 12589 | IceCv    | Entered an ice cave
 12718 | IceCv    | Reached ***** piety under Fedhas
 13028 | IceCv    | Reached XP level 13. HP: 99/99 MP: 24/24
 13796 | Lair:3   | Reached skill level 10 in Invocations
 14236 | Lair:3   | Reached skill level 13 in Unarmed Combat
 14419 | Lair:4   | Reached skill level 5 in Armour
 14600 | Lair:4   | Reached ****** piety under Fedhas
 14739 | Lair:4   | Identified the +7 spear "Uwotzazori" {freeze, Int+4 Dex+3}
 15009 | Lair:4   | Found a runed translucent door.
 15010 | Lair:4   | Found a viscous altar of Jiyva.
 15012 | Lair:4   | Found a staircase to the Slime Pits.
 15365 | Lair:5   | Entered Level 5 of the Lair of Beasts
 15532 | Lair:5   | Found a runed translucent door.
 15532 | Lair:5   | Noticed a fire dragon
 15626 | Lair:5   | Paralysed by a hornet for 1 turns
 15809 | Lair:5   | Reached XP level 14. HP: 108/108 MP: 24/26
 16077 | Lair:5   | Reached skill level 10 in Dodging
 16617 | D:3      | Bought the amulet "Coanlew" {rPois Regen+ rCorr Int+5} for
                  | 573 gold pieces
 16617 | D:3      | Bought the ring of Xom's Amusement {Fly Will+ Int+3 Slay+2}
                  | for 448 gold pieces
 16842 | Orc:1    | Entered Level 1 of the Orcish Mines
 16842 | Orc:1    | Found Cytoteog's Antique Armour Shoppe.
 17201 | Orc:1    | Found Futogh's Book Boutique.
 17410 | Orc:2    | Entered Level 2 of the Orcish Mines
 17556 | Orc:2    | Gained mutation: Your muscles are strong. (Str +4, Int/Dex
                  | -1) [a neqoxec]
 17563 | Orc:2    | Reached skill level 14 in Unarmed Combat
 18121 | Orc:1    | Reached skill level 10 in Fighting
 18522 | Orc:2    | Found Declu's Jewellery Shoppe.
 18522 | Orc:2    | Found Dophowk's General Store.
 18665 | Orc:2    | Found a staircase to the Elven Halls.
 18665 | Orc:2    | Found Fieghat's Jewellery Shoppe.
 18665 | Orc:2    | Found Vailim's Weapon Boutique.
 19323 | D:13     | Found a gate leading to a gauntlet.
 19332 | Gauntlet | Entered a Gauntlet
 19332 | Gauntlet | Found a transporter.
 19342 | Gauntlet | Found a transporter.
 19345 | Gauntlet | Found a transporter.
 19346 | Gauntlet | Found a transporter.
 19350 | Gauntlet | Found a runed translucent door.
 19350 | Gauntlet | Found a runed translucent door.
 19354 | Gauntlet | Found a transporter.
 19357 | Gauntlet | Found a transporter.
 19358 | Gauntlet | Found a transporter.
 19367 | Gauntlet | Found a transporter.
 19369 | Gauntlet | Found a transporter.
 19370 | Gauntlet | Found a transporter.
 19378 | Gauntlet | Found a transporter.
 19552 | Gauntlet | Reached XP level 15. HP: 115/115 MP: 23/27
 19590 | Gauntlet | Identified the +9 longbow of Doom {heavy, rPois}
 19595 | D:13     | Found a radiant altar of Vehumet.
 19595 | D:13     | Noticed Azrael
 20239 | D:14     | Found a gate to the Vaults.
 20308 | D:14     | Reached skill level 15 in Unarmed Combat
 20514 | D:14     | Noticed Louise
 20527 | D:14     | Killed Louise
 20599 | D:14     | Found an opulent altar of Gozag.
 20828 | D:15     | Entered Level 15 of the Dungeon
 21329 | Lair:2   | Identified the +1 quarterstaff of Saff {vamp, rN+}
 21332 | Spider:1 | Entered Level 1 of the Spider Nest
 21507 | Swamp:1  | Entered Level 1 of the Swamp
 22615 | Spider:1 | Reached XP level 16. HP: 88/125 MP: 25/29
 22880 | Spider:1 | Identified the +8 battleaxe of the Tired Nightmares {flame,
                  | Will++ Int-4}
 23287 | Spider:1 | Slain by a redback

Illustrated notes

Levels and vault maps discovered:
D:1:      onia_arrival_mini_spirals, layout_basic, minmay_tiny_reverse_x
D:2:      layout_loops_cross, basic_altar, supply_closet_lemuel, uniq_terence
D:3:      minmay_chambers_of_twos, layout_basic, serial_shops, shop
D:4:      layout_cave_pools, mainiacjoe_overflow_surrounded_room,
          lemuel_round_altar, jmf_multi_god_temple2, gammafunk_ghost_stat_death
D:5:      layout_rooms
D:6:      layout_basic, mainiacjoe_overflow_alcove_2
D:7:      layout_basic, minmay_temple_entry_proselytizer
D:8:      layout_cave_pools, general_overflow_altar, minmay_shop_grid_forest,
          uniq_erica
D:9:      layout_loops_ring, st_stairs_4, kennysheep_windowed_goal
D:10:     minmay_inner_zag, layout_layer_cave, eat_drink_and_be_merry_uskayaw,
          mainiacjoe_overflow_chevrons, nzn_wu_jian_council_hall, orc_david_3,
          uniq_maggie
D:11:     layout_cross, lair_entry_dummy, evilmike_ruin_ashenzari
D:12:     layout_basic
D:13:     layout_loops_ring, gauntlet_entry_generic, nicolae_vehumet_radiance,
          uniq_azrael
D:14:     layout_loops_ring, lightli_vaults_fourway_checkpoint,
          nicolae_gozag_cash_rules_everything_around_me,
          kennysheep_generic_room_13, uniq_louise
D:15:     gammafunk_enter_depths_forms, layout_rooms, grunt_ministairs_14
Temple:   hellmonk_temple_forest_ring
Lair:1:   layout_roguey, serial_bayou_shore_b, infiniplex_staircase_pool,
          grunt_megastairs_5
Lair:2:   layout_cave_pods, skrybe_swamp_entry_bodies, spider_nest_entry_a,
          portal_ice_cave_demonic_guard, serial_bayou_shore_b
Lair:3:   layout_cave_pods, infiniplex_staircase_pool_2
Lair:4:   layout_loops_ring, slime_entry_2
Lair:5:   wormcave, layout_hall_layers
Swamp:1:  layout_falls_marsh, hangedman_swamp_ruin_hall, swamp_pool1
Spider:1: layout_spider_delve
Spider:2: layout_spider_delve
Orc:1:    layout_caves, serial_shops, shop_statue, shop_fountains
Orc:2:    st_orc_town, layout_caves, basic_altar, elves_outpost_lemuel

Skill      XL: |  1  2  3  4  5  6  7  8  9 10 11 12 13 14 15 |
---------------+----------------------------------------------+-----
Transmutations | 3 4 5 6 8 9 |  9.1
Fighting       | 2 3 4 5 6 7 8 9 10 11 | 11.2
Unarmed Combat | 4 5 6 7 8 10 11 12 13 14 15 | 15.9
Spellcasting   | 3 4 5 6 7 8 9 |  9.7
Ice Magic      | 2 4 5 |  5.4
Poison Magic   | 1 |  1.3
Dodging        | 3 5 7 8 9 10 12 | 12.1
Invocations    | 2 5 8 9 11 12 13 | 13.2
Armour         | 2 4 5 7 8 |  8.6

Action                     |  1- 3 |  4- 6 |  7- 9 | 10-12 | 13-15 | 16-18 || total
---------------------------+-------+-------+-------+-------+-------+-------++-------
  Melee: Unarmed           |   102 |   277 |   208 |   521 |  1039 |    66 ||  2213
         Headbutt          |    11 |    47 |     8 |       |       |       ||    66
         Punch             |     1 |     4 |     1 |     1 |     2 |       ||     9
   Cast: Beastly Appendage |    17 |    39 |     2 |       |     2 |       ||    60
         Spider Form       |     1 |     4 |    15 |     2 |    15 |       ||    37
         Ice Form          |       |       |    15 |    60 |    99 |     7 ||   181
         Wereblood         |       |       |       |     1 |     1 |       ||     2
 Invoke: Grow Oklob        |       |       |       |       |     9 |     1 ||    10
         Wall of Briars    |       |       |       |       |     9 |     2 ||    11
Ability: End Transformatio |       |       |     2 |       |     1 |       ||     3
  Evoke: Wand              |       |       |       |     3 |     2 |       ||     5
    Use: Scroll            |     3 |     8 |     5 |     9 |     8 |     1 ||    34
         Potion            |       |       |     1 |     1 |    12 |       ||    14
   Stab: Sleeping          |     1 |       |     1 |       |     1 |       ||     3
         Paralysed         |       |       |       |     2 |     4 |       ||     6
         Distracted        |       |       |       |     1 |       |       ||     1
 Armour: Robe              |    15 |    72 |    11 |     1 |       |       ||    99
         Skin              |       |       |    44 |   156 |   427 |    29 ||   656
         Acid dragon scale |       |       |       |     7 |    19 |       ||    26
  Dodge: Dodged            |    70 |   159 |   116 |   239 |   915 |    59 ||  1558

Table legend: (Time is in decaauts)
 A = Elapsed time spent in this place.
 B = Non-inter-level travel time spent in this place.
 C = Inter-level travel time spent in this place.
 D = Time resting spent in this place.
 E = Time spent auto-exploring this place.
 F = Levels seen in this place.
 G = Mean time per level.
                   A        B        C        D        E       F      G
               +--------+--------+--------+--------+--------+-----+--------+
         Total |  22962 |  20910 |   2052 |   3478 |    392 |  28 |  820.1 |
       Dungeon |  13926 |  12402 |   1524 |   1932 |      0 |  15 |  928.4 |
        Temple |     88 |     88 |      0 |      0 |      0 |   1 |   88.0 |
          Lair |   4673 |   4283 |    390 |    486 |    175 |   5 |  934.6 |
         Swamp |      4 |      4 |      0 |      0 |      0 |   1 |    4.0 |
   Spider Nest |   1506 |   1456 |     50 |    367 |    217 |   2 |  753.0 |
  Orcish Mines |   1874 |   1788 |     86 |    609 |      0 |   2 |  937.0 |
      Ice Cave |    635 |    635 |      0 |     49 |      0 |   1 |  635.0 |
      Gauntlet |    253 |    253 |      0 |     34 |      0 |   1 |  253.0 |
               +--------+--------+--------+--------+--------+-----+--------+

Top non-repeatable levels by time:
Spider:1: 1478 daAuts
     D:3: 1432 daAuts
     D:7: 1346 daAuts
    D:10: 1285 daAuts
    D:14: 1279 daAuts
   Orc:1: 1132 daAuts
  Lair:2: 1105 daAuts
    D:12: 1090 daAuts
  Lair:3: 1073 daAuts
     D:2: 1045 daAuts
    D:11: 1036 daAuts
     D:1: 1016 daAuts
  Lair:5: 960 daAuts
     D:9: 911 daAuts
  Lair:4: 842 daAuts
